 Dungeon Crawl Stone Soup version 0.26-a0-850-g97a50ab700 (webtiles) character file.

Game seed: 5952381131450650519

700 runemasterragnar the Conjurer (level 7, -3/45 HPs)
             Began as an Octopode Conjurer on Nov 21, 2020.
             Was an Initiate of Gozag.
             Slain by a killer bee zombie (4 damage)
             ... on level 5 of the Dungeon.
             The game lasted 00:07:50 (6742 turns).

runemasterragnar the Conjurer (Octopode Conjurer)   Turns: 6742, Time: 00:07:51

Health: -3/45      AC:  1    Str:  6    XL:     7   Next: 65%
Magic:  11/11      EV: 14    Int: 23    God:    Gozag
Gold:   56         SH:  0    Dex: 10    Spells: 5/12 levels left

rFire    . . .     SeeInvis .   n - +2 short sword (venom)
rCold    . . .     Faith    .   (no shield)
rNeg     . . .     Spirit   .   (helmet restricted)
rPois    .         Reflect  .   (no amulet)
rElec    .         Harm     .   q - ring of flight
rCorr    .         Rampage  .   (no ring)
MR       .....                  (no ring)
Stlth    ++++......             (no ring)
HPRegen  0.15/turn              (no ring)
MPRegen  0.12/turn              (no ring)
                                (no ring)
                                (no ring)

@: gold aura
A: almost no armour, stealthy swim, amphibious, 8 rings, constrict 8, camouflage
1, gelatinous body 1
a: Potion Petition, Call Merchant, Bribe Branch, Renounce Religion, Evoke Flight


You were on level 5 of the Dungeon.
You worshipped Gozag.
Gozag was noncommittal.
You visited 2 branches of the dungeon, and saw 6 of its levels.

You collected 155 gold pieces.
You paid 99 gold pieces to Gozag.

Inventory:

Hand Weapons
 g - a +1 vorpal hunting sling
 h - a +2 spectral club
 n - a +2 short sword of venom (weapon)
Missiles
 m - 35 sling bullets
Jewellery
 q - a ring of flight (left tentacle)
Scrolls
 a - 2 scrolls of remove curse {unknown}
 b - 2 scrolls of teleportation {unknown}
 l - 2 scrolls of identify {unknown}
 s - a scroll of blinking {unknown}
Potions
 c - 3 potions of mutation {unknown}
 d - a potion of berserk rage {unknown}
 e - 2 potions of resistance {unknown}
 f - 3 potions of might
 i - 2 potions of flight {unknown}
 j - a potion of haste {unknown}
 k - a potion of ambrosia {unknown}
 o - a potion of heal wounds {unknown}
 p - a potion of curing
 r - a potion of attraction {unknown}


   Skills:
 + Level 2.7 Fighting
 + Level 3.5 Dodging
 + Level 4.9 Stealth
 + Level 3.2 Spellcasting
 * Level 5.9 Conjurations
 * Level 3.1 Translocations


You had 5 spell levels left.
You knew the following spells:

 Your Spells              Type           Power        Failure   Level
a - Magic Dart            Conj           ####         1%          1
b - Searing Ray           Conj           ####..       1%          2
c - Iskenderun's Mystic   Conj/Tloc      ###.....     17%         4

Your spell library contained the following spells:

 Spells                   Type           Power        Failure   Level
 Dazzling Flash           Conj/Hex       ###...       10%         3
 Fulminant Prism          Conj/Hex       ###.......   32%         4


Dungeon Overview and Level Annotations

Branches:
Dungeon (5/15)             Temple (1/1) D:5

Altars:
Ashenzari
Dithmenos
Elyvilon
Fedhas
Gozag
Hepliaklqana
Kikubaaqudgha
Nemelex Xobeh
Qazlal
Ru
Wu Jian
Zin
The Shining One

Annotations:
D:3 1 runed translucent door
D:5 3 runed translucent doors


Innate Abilities, Weirdness & Mutations

You cannot wear most types of armour.
You are very stealthy in the water. (Stealth+)
You are amphibious.
You can wear up to eight rings at the same time.
You can use your tentacles to constrict eight enemies at once.
Your skin changes colour to match your surroundings (Stealth+).
Your rubbery body absorbs attacks. (AC +1, EV +1)


Message History

You hit the hound.
The hound is almost dead.
You constrict the hound. The hound completely misses you. The hound bites you.
You hit the hound.
You kill the hound!
The killer bee zombie hits you!
You barely miss the killer bee zombie. You grab the killer bee zombie.
You constrict the killer bee zombie. The killer bee zombie hits you. x2
* * * LOW HITPOINT WARNING * * *
You hit the killer bee zombie. You squeeze the killer bee zombie.
The killer bee zombie is heavily damaged.
You constrict the killer bee zombie. The killer bee zombie hits you.
* * * LOW HITPOINT WARNING * * *
The killer bee zombie hits you.
* * * LOW HITPOINT WARNING * * *
You barely miss the killer bee zombie.
The killer bee zombie is heavily damaged.
You constrict the killer bee zombie. The killer bee zombie hits you.
You die...
Your body crumbles into a pile of gold.

###....#..>...#
.......#.......#..#
#####.>....##.##
....#.##..## ##
...........#
#....#.##.....#
#....#.# #.##.#
.... #Z# ... . #@#
###. #.# # ...
...## #.### #. ..
##


You could see a killer bee zombie.

Vanquished Creatures
  Grinder (D:3)
  A sky beast (D:5)
  A centaur (D:5)
  A scorpion (D:4)
  A hound (D:5)
  Jessica (D:2)
  An orc wizard (D:4)
  2 worker ants
  A hound skeleton (D:4)
  7 adders
  2 oozes (D:2)
  2 worms
  2 orcs (D:4)
  A ball python (D:2)
  10 bats
  4 giant cockroaches
  5 goblins
  4 hobgoblins
  3 jackals
  7 kobolds
  3 quokkas
  A frilled lizard (D:2)
  7 rats
68 creatures vanquished.

Notes
Turn   | Place    | Note
-------+----------+-------------------------------------------
     0 | D:1      | runemasterragnar the Octopode Conjurer began the quest for
                  | the Orb.
     0 | D:1      | Reached XP level 1. HP: 11/11 MP: 3/3
   480 | D:1      | Reached XP level 2. HP: 17/17 MP: 3/5
   581 | D:1      | Learned a level 2 spell: Searing Ray
   905 | D:1      | Found a broken altar of Ashenzari.
  1740 | D:2      | Reached XP level 3. HP: 15/22 MP: 0/6
  1925 | D:2      | Reached skill level 1 in Fighting
  2908 | D:2      | Reached XP level 4. HP: 28/28 MP: 3/7
  3023 | D:2      | Noticed Jessica
  3026 | D:2      | Killed Jessica
  3766 | D:2      | Learned a level 4 spell: Iskenderun's Mystic Blast
  4132 | D:3      | Reached XP level 5. HP: 22/33 MP: 4/8
  4505 | D:3      | Noticed Grinder
  4510 | D:3      | Paralysed by Grinder for 4 turns
  5227 | D:3      | Found a glowing silver altar of Zin.
  5227 | D:3      | Found a runed translucent door.
  5227 | D:3      | Noticed an angel
  5325 | D:3      | Found an ornate altar of the Wu Jian Council.
  5353 | D:3      | Killed Grinder
  5354 | D:3      | Reached skill level 5 in Conjurations
  5354 | D:3      | Reached XP level 6. HP: 17/39 MP: 1/10
  5789 | D:3      | Found a sacrificial altar of Ru.
  5790 | D:3      | Found a sparkling altar of Nemelex Xobeh.
  6082 | D:4      | Reached XP level 7. HP: 39/45 MP: 5/11
  6169 | D:5      | Entered Level 5 of the Dungeon
  6389 | D:5      | HP: 2/45 [something (5)]
  6680 | D:5      | Found a runed translucent gate.
  6680 | D:5      | Found a runed translucent gate.
  6681 | D:5      | Found a runed translucent gate.
  6703 | D:5      | Found a staircase to the Ecumenical Temple.
  6709 | Temple   | Entered the Ecumenical Temple
  6718 | Temple   | Became a worshipper of Gozag Ym Sagoz the Greedy
  6741 | D:5      | HP: 1/45 [killer bee zombie (6)]
  6742 | D:5      | Slain by a killer bee zombie

Illustrated notes

Levels and vault maps discovered:
D:1:      lemuel_arrival_hallway, layout_loops_ring, evilmike_ruin_ashenzari
D:2:      layout_basic, uniq_jessica
D:3:      minmay_evil_eye, layout_rooms, gammafunk_temple_overflow_claw,
          lemuel_angel_altar, uniq_grinder
D:4:      layout_basic, kennysheep_mini_moat
D:5:      black_bear_nest_1, layout_basic, fiery_altar_vehumet,
          minmay_temple_entry_wispy, biasface_ghost_orc_armoury, serial_shops,
          shop_fountains
Temple:   cyrus_circular_temple

Skill      XL: |  1  2  3  4  5  6  7 |
---------------+----------------------+-----
Stealth        | 3 4 |  4.9
Fighting       | 1 2 |  2.7
Dodging        | 3 |  3.5
Conjurations   | 5 |  5.9
Translocations | 2 3 |  3.1
Spellcasting   | 3 |  3.2

Action                   |  1- 3 |  4- 6 |  7- 9 || total
-------------------------+-------+-------+-------++-------
Melee: Unarmed           |     8 |       |       ||     8
       Constrict         |     3 |    12 |     3 ||    18
       Tentacles         |     1 |     7 |     2 ||    10
       Club              |       |     9 |       ||     9
       Short sword       |       |    33 |    25 ||    58
 Fire: Hunting sling     |       |    16 |       ||    16
 Cast: Magic Dart        |    61 |    59 |     6 ||   126
       Searing Ray       |       |     3 |       ||     3
  Use: Potion            |     1 |     1 |     1 ||     3
 Stab: Sleeping          |       |     2 |     2 ||     4
Armor: Skin              |     5 |     4 |       ||     9
Dodge: Dodged            |    24 |    33 |    20 ||    77

Table legend: (Time is in decaauts)
 A = Elapsed time spent in this place.
 B = Non-inter-level travel time spent in this place.
 C = Inter-level travel time spent in this place.
 D = Time resting spent in this place.
 E = Time spent auto-exploring this place.
 F = Levels seen in this place.
 G = Mean time per level.
                   A        B        C        D        E       F      G
               +--------+--------+--------+--------+--------+-----+--------+
         Total |   6752 |   6617 |    135 |   4326 |   1657 |   6 | 1125.3 |
       Dungeon |   6734 |   6599 |    135 |   4326 |   1657 |   5 | 1346.8 |
        Temple |     17 |     17 |      0 |      0 |      0 |   1 |   17.0 |
               +--------+--------+--------+--------+--------+-----+--------+

Top non-repeatable levels by time:
     D:2: 2750 daAuts
     D:1: 1717 daAuts
     D:3: 1386 daAuts
     D:5: 557 daAuts
     D:4: 323 daAuts
  Temple: 17 daAuts
